 Dungeon Crawl Stone Soup version 0.29-a0-338-g1ff7896281 (webtiles) character file.

Game seed: 2144199655281510863

144 dracfodder the Skirmisher (level 5, -2/47 HPs)
             Began as a Minotaur Abyssal Knight on Apr 17, 2022.
             Was a Priest of Lugonu.
             Slain by a kobold brigand
             ... wielding a +0 whip
              (4 damage)
             ... in a sewer.
             The game lasted 00:09:42 (2508 turns).

dracfodder the Skirmisher (Minotaur Abyssal Knight) Turns: 2508, Time: 00:09:43

Health: -2/47      AC:  7    Str: 20    XL:     5   Next: 5%
Magic:  5/5        EV: 10    Int:  7    God:    Lugonu [***...]
Gold:   151        SH:  0    Dex: 10    Spells: 4/4 levels left

rFire   . . .      SeeInvis .   a - +1 hand axe
rCold   . . .      Faith    .   (no shield)
rNeg    . . .      Spirit   .   d - +0 scale mail
rPois   .          Reflect  .   (helmet restricted)
rElec   .          Harm     .   (no cloak)
rCorr   .          Rampage  .   (no gloves)
Will    .....                   (no boots)
Stlth   ..........              (no amulet)
HPRegen 0.15/turn               (no ring)
MPRegen 0.09/turn               (no ring)

@: no status effects
A: horns 2, retaliatory headbutt
a: Renounce Religion, Depart the Abyss, Bend Space, Banish


You were in a sewer.
You worshipped Lugonu.
Lugonu was most pleased with you.
You visited 1 branch of the dungeon, and saw 3 of its levels.
You visited the Abyss 1 time.
You also visited: Sewer.

You collected 151 gold pieces.

Inventory:

Hand Weapons
 a - a +1 hand axe (weapon)
Missiles
 g - 14 poisoned darts
Armour
 d - a +0 scale mail (worn)
Jewellery
 e - a ring of ice
Wands
 q - a wand of paralysis (12)
Scrolls
 c - 4 scrolls of teleportation
 h - a scroll of holy word {unknown}
 i - 4 scrolls of identify {unknown}
 k - a scroll of amnesia
 l - a scroll of enchant armour {unknown}
 m - a scroll of fear {unknown}
 o - a scroll of silence {unknown}
 p - a scroll of enchant weapon {unknown}
Potions
 b - 2 potions of lignification {unknown}
 f - a potion of haste {unknown}
 j - a potion of attraction {unknown}
 n - a potion of mutation {unknown}
 r - a potion of invisibility {unknown}
 s - a potion of cancellation {unknown}


   Skills:
 + Level 4.8 Fighting
 + Level 4.1 Axes
 + Level 3.9 Armour
 + Level 1.4 Dodging
 + Level 0.3 Stealth
 + Level 1.8 Invocations


You had 4 spell levels left.
You didn't know any spells.
Your spell library contained the following spells:

 Spells                   Type           Power      Damage    Failure   Level
 Ensorcelled Hibernation  Hex/Ice        0%         N/A       89%         2
 Conjure Flame            Conj/Fire      0%         6-21      98%         3
 Ignite Poison            Fire/Tmut/Pois 0%         N/A       98%         3
 Spider Form              Tmut/Pois      0%         N/A       98%         3
 Anguish                  Hex/Necr       0%         N/A       100%        4
 Sticky Flame             Conj/Fire      0%         2d3       100%        4


Dungeon Overview and Level Annotations

Branches:
Dungeon (3/15)              Sewer (1/1)

Altars:

Shops:
D:2 *


Innate Abilities, Weirdness & Mutations

You have a pair of horns on your head.
You reflexively headbutt those who attack you in melee.


Message History

Space bends violently around you!
You blink.
Splash!
You fall into the shallow water.
Moving in this stuff is going to be slow.
The kobold brigand unwields a +0 club.
The kobold brigand wields a +0 hand crossbow.
The kobold brigand shoots a bolt.
The bolt barely misses you. The kobold brigand closely misses you.
The kobold brigand hits you but does no damage.
You hit the kobold brigand.
The kobold brigand is heavily wounded.
You hit the kobold brigand.
You feel yourself speed up.
The kobold brigand splashes around in the water.
You hit the kobold brigand.
The kobold brigand is heavily wounded.
You hit the kobold brigand but do no damage.
The kobold brigand hits you but does no damage.
You barely miss the kobold brigand.
The kobold brigand is heavily wounded.
You hit the kobold brigand but do no damage.
The kobold brigand splashes around in the water.
The kobold brigand unwields a +0 hand crossbow.
The kobold brigand wields a +0 club.
The kobold brigand closely misses you. You furiously retaliate!
You headbutt the kobold brigand. You hit the kobold brigand.
The kobold brigand is severely wounded.
You hit the kobold.
You kill the kobold!
Lugonu accepts your kill.
You hear a splash.
You hit the kobold brigand.
The kobold brigand splashes around in the water. x2
The kobold brigand hits you but does no damage.
You miss the kobold brigand.
Your headbutt misses the kobold brigand.
The kobold brigand is severely wounded.
You closely miss the kobold brigand.
The kobold brigand hits you with a +0 whip.
You die...

≈≈≈≈≈≈ ≈≈≈≈≈≈ ≈≈ ≈≈≈≈≈
≈≈≈≈
≈#≈#######≈##############
≈P≈≈P..≈≈≈≈≈≈≈P.≈≈≈#....#
≈≈≈≈...≈≈≈≈≈≈...@K≈'..∩.#
P.≈.......≈≈P...K).'....#
......P............#..!.#
..................#######
..†...............#
................###
............#####
###..####.### #### ###


You could see 2 kobold brigands.

Vanquished Creatures
  A kobold brigand (Sewer)
  2 worms (D:2)
  An orc (D:3)
  7 ball pythons
  7 bats
  5 endoplasms
  6 giant cockroaches
  6 goblins
  2 hobgoblins (D:1)
  2 quokkas (D:3)
  3 frilled lizards
  15 kobolds
  5 rats
62 creatures vanquished.

Vanquished Creatures (collateral kills)
  A goblin (D:2)
1 creature vanquished.

Vanquished Creatures (others)
  A plant (Sewer)
1 creature vanquished.

Grand Total: 64 creatures vanquished

Notes
Turn   | Place    | Note
-------+----------+-------------------------------------------
     0 | Abyss:1  | dracfodder the Minotaur Abyssal Knight began the quest for
                  | the Orb.
     0 | Abyss:1  | Reached XP level 1. HP: 19/19 MP: 1/1
    40 | Abyss:1  | Noticed a large abomination
    45 | Abyss:1  | Found a corrupted altar of Lugonu.
    62 | D:1      | Escaped the Abyss
   368 | D:1      | Reached ** piety under Lugonu
   584 | D:1      | Reached XP level 2. HP: 27/27 MP: 2/2
  1102 | D:2      | Found a faded altar of an unknown god.
  1185 | D:2      | Reached XP level 3. HP: 34/34 MP: 3/3
  1272 | D:2      | Found Hushroroh's General Store.
  2261 | D:3      | Found a glowing drain.
  2285 | Sewer    | Entered a sewer
  2310 | Sewer    | Noticed a kobold brigand
  2312 | Sewer    | Reached *** piety under Lugonu
  2317 | Sewer    | Killed a kobold brigand
  2318 | Sewer    | Reached XP level 4. HP: 24/41 MP: 4/4
  2461 | Sewer    | Reached XP level 5. HP: 46/47 MP: 5/5
  2508 | Sewer    | Slain by a kobold brigand

Illustrated notes

Levels and vault maps discovered:
D:1:      erik_arrival_cave_to_civilisation [erik_arrival_cave_to_hall],
          layout_basic, minmay_nonomino_d4
D:2:      minmay_chambers_of_twos, layout_rooms, serial_shops, shop,
          hellmonk_ecumenical_altar_pennies_from_heaven,
          kennysheep_generic_room_7
D:3:      layout_basic, portal_sewer_entry_f, minmay_bisected, uniq_robin
Sewer:    kennysheep_pipe_town

Skill      XL: |  1  2  3 |
---------------+----------+-----
Fighting       | 4 |  4.8
Axes           | 3 4 |  4.1
Armour         | 3 |  3.9
Dodging        | |  1.4
Stealth        | |  0.3
Invocations    | |  1.8

Action                   |  1- 3 |  4- 6 || total
-------------------------+-------+-------++-------
Melee: Hand axe          |   105 |    27 ||   132
       Headbutt          |    16 |     5 ||    21
Invok: Depart the Abyss  |     1 |       ||     1
       Bend Space        |       |     1 ||     1
  Use: Scroll            |     7 |       ||     7
Armor: Scale mail        |    30 |    23 ||    53
Dodge: Dodged            |    56 |    21 ||    77

Table legend: (Time is in decaauts)
 A = Elapsed time spent in this place.
 B = Non-inter-level travel time spent in this place.
 C = Inter-level travel time spent in this place.
 D = Time resting spent in this place.
 E = Time spent auto-exploring this place.
 F = Levels seen in this place.
 G = Mean time per level.
                   A        B        C        D        E       F      G
               +--------+--------+--------+--------+--------+-----+--------+
         Total |   2541 |   2498 |     43 |     36 |   1959 |   5 |  508.2 |
       Dungeon |   2241 |   2198 |     43 |      0 |   1806 |   3 |  747.0 |
         Abyss |     62 |     62 |      0 |      0 |     39 |   1 |   62.0 |
         Sewer |    238 |    238 |      0 |     36 |    114 |   1 |  238.0 |
               +--------+--------+--------+--------+--------+-----+--------+

Top non-repeatable levels by time:
     D:1: 929 daAuts
     D:2: 783 daAuts
     D:3: 528 daAuts
   Sewer: 238 daAuts
 Abyss:1: 62 daAuts
